 Dungeon Crawl Stone Soup version 0.31-a0-1068-g5939ac1fb6 (webtiles) character file.

Game seed: 17342093020334443091

286 Descartes the Digger (level 6, -1/41 HPs)
             Began as a Formicid Earth Elementalist on Nov 25, 2023.
             Succumbed to a scorpion's poison
             ... on level 4 of the Dungeon.
             The game lasted 00:06:10 (2924 turns).

Descartes the Digger (Formicid Earth Elementalist)  Turns: 2924, Time: 00:06:11

Health: -1/41      AC:  3    Str: 14    XL:     6   Next: 56%
Magic:  5/12       EV: 11    Int: 15    God:
Gold:   155        SH:  5    Dex: 14    Spells: 9/13 levels left

rFire   . . .        f - +2 short sword (venom)
rCold   + . .        i - +0 buckler
rNeg    . . .        l - +0 leather armour
rPois   .            (helmet unavailable)
rElec   .            (no cloak)
rCorr   .            (no gloves)
SInv    +            (no boots)
Will    .....        (no amulet)
Stlth   ++           o - ring of protection from cold
HPRegen 0.26/turn    a - ring of wizardry
MPRegen 0.13/turn

%: wizardry (x1)
@: brilliant, lethally poisoned (-1 -> -13)
A: permanent stasis, dig shafts and tunnels, antennae 3, four strong arms
a: Dig, Shaft Self


You were on level 4 of the Dungeon.
You visited 1 branch of the dungeon, and saw 4 of its levels.

You collected 155 gold pieces.

Inventory:

Hand Weapons
 f - a +2 short sword of venom (weapon)
Missiles
 e - 5 poisoned darts
Armour
 i - a +0 buckler (worn)
 l - a +0 leather armour (worn)
Jewellery
 a - a ring of wizardry (right hand)
 o - a ring of protection from cold (left hand)
Scrolls
 h - a scroll of vulnerability {unknown}
 j - 2 scrolls of teleportation {unknown}
 m - a scroll of fear {unknown}
Potions
 b - a potion of magic
 c - a potion of curing {unknown}
 d - 2 potions of brilliance
 g - 2 potions of enlightenment {unknown}
 k - a potion of berserk rage {unknown}
 n - a potion of mutation {unknown}
 p - a potion of might {unknown}


   Skills:
 - Level 1.7 Dodging
 - Level 2.4 Stealth
 + Level 3.5 Shields
 + Level 4.3 Spellcasting
 - Level 1.1 Transmutations
 + Level 5.8 Earth Magic


You had 9 spell levels left.
You knew the following spells:

 Your Spells              Type           Power      Damage    Failure   Level
a - Sandblast             Erth           62%        2d14      1%          1
b - Stone Arrow           Conj/Erth      36%        3d9       11%         3

Your spell library contained the following spells:

 Spells                   Type           Power      Damage    Failure   Level
 Passwall                 Tmut/Erth      16%        N/A       4%          2
 Kiss of Death            Conj/Necr      16%        2d6       12%         1
 Lesser Beckoning         Tloc           8%         N/A       17%         2
 Petrify                  Tmut/Erth      20%        N/A       26%         4
 Confusing Touch          Hex            4%         N/A       32%         3
 Dazzling Flash           Conj/Hex       8%         N/A       32%         3
 Gell's Gravitas          Tloc           4%         N/A       32%         3
 Teleport Other           Tloc           4%         N/A       32%         3
 Volatile Blastmotes      Fire/Tloc      8%         2d10      32%         3
 Brom's Barrelling Bould  Conj/Erth      18%        2d4       32%         4
 Dispel Undead            Necr           4%         3d7       71%         4
 Starburst                Conj/Fire      2%         6d3       100%        6
 Maxwell's Capacitive Co  Air            2%         ∞         100%        8


Dungeon Overview and Level Annotations

Branches:
Dungeon (4/15)
 Temple: D:4-7

Altars:
Fedhas

Shops:
D:2 !


Innate Abilities, Weirdness & Mutations

You cannot be hasted, slowed, berserked, paralysed or teleported.
You can dig through walls and to a lower floor.
You have a pair of large antennae on your head. (SInv)
Your four strong arms can wield two-handed weapons with a shield.


Message History

Aiming: Sandblast (safe; 1% risk of failure)
Press: ? - help, Shift-Dir - straight line, f/p - scorpion
Aim: a scorpion (severely wounded, 83% to hit)
The blast of sand misses the scorpion.
The scorpion stings you.
Casting: Sandblast (safe; 1% risk of failure)
Confirm with . or Enter, or press ? or * to list all spells.
Aiming: Sandblast (safe; 1% risk of failure)
Press: ? - help, Shift-Dir - straight line, f/p - scorpion
Aim: a scorpion (severely wounded, 83% to hit)
The blast of sand hits the scorpion.
The scorpion is almost dead.
You block the scorpion's attack. The scorpion stings you.
You are poisoned.
The scorpion poisons you!
Unknown command.
Casting: Sandblast (safe; 1% risk of failure)
Confirm with . or Enter, or press ? or * to list all spells.
Aiming: Sandblast (safe; 1% risk of failure)
Press: ? - help, Shift-Dir - straight line, f/p - scorpion
Aim: a scorpion (almost dead, 83% to hit)
The blast of sand misses the scorpion.
* * * LOW HITPOINT WARNING * * *
You feel very sick. The scorpion misses you. The scorpion stings you.
* * * LOW HITPOINT WARNING * * *
You are lethally poisoned!
The scorpion poisons you!
You hit the scorpion.
You kill the scorpion!
* * * LOW HITPOINT WARNING * * *
You feel very sick.
* * * LOW HITPOINT WARNING * * *
You feel very sick.
Things that are here:
a scroll labelled GEDU ZIURHUYP; a scorpion corpse
There is a lethal amount of poison in your body!
Unknown command.
It was a potion of brilliance.
You feel clever all of a sudden.
You die...

..........###..#..
#...##.#.....###..#..
#........#....#..###.
#........#.#.....###.
{
#........#>####.#....
#.....#....# #.#...#
#.<.<.#...## #....##
##.....##..## ###....
#..†@.......# #....
..............##
..... #####..#......#
......
##.##...............
## ##...=..# .....
####..## ..... #...#
.#... ..## ##.. ###..


There were no monsters in sight!

Vanquished Creatures
  An ogre (D:4)
  2 scorpions (D:4)
  An adder (D:2)
  A white imp (D:4)
  A worm (D:2)
  3 dart slugs
  2 orcs
  2 bats (D:3)
  3 endoplasms
  2 giant cockroaches
  5 goblins
  5 hobgoblins
  2 jackals (D:1)
  2 quokkas
  6 ball pythons
  2 frilled lizards
  11 kobolds
  6 rats
57 creatures vanquished.

Notes
Turn   | Place    | Note
-------+----------+-------------------------------------------
     0 | D:1      | Descartes the Formicid Earth Elementalist began the quest
                  | for the Orb.
     0 | D:1      | Reached XP level 1. HP: 13/13 MP: 3/3
   154 | D:1      | Reached XP level 2. HP: 19/19 MP: 1/5
   156 | D:1      | Reached skill level 4 in Earth Magic
   859 | D:2      | Reached XP level 3. HP: 24/24 MP: 3/7
  1399 | D:2      | Noticed a scorpion
  1510 | D:2      | Found a faded altar of an unknown god.
  1661 | D:2      | Found Xytipez's Distillery.
  1980 | D:3      | Reached XP level 4. HP: 30/30 MP: 4/8
  2536 | D:4      | Found a blossoming altar of Fedhas.
  2551 | D:4      | Learned a level 3 spell: Stone Arrow
  2606 | D:4      | Reached skill level 1 in Shields
  2711 | D:4      | Noticed an ogre
  2716 | D:4      | Killed an ogre
  2717 | D:4      | Reached skill level 5 in Earth Magic
  2717 | D:4      | Reached XP level 5. HP: 34/35 MP: 5/10
  2820 | D:4      | Reached XP level 6. HP: 41/41 MP: 7/12
  2923 | D:4      | HP: 2/41 [poisoned by a scorpion]
  2924 | D:4      | Succumbed to a scorpion's poison

Illustrated notes

Levels and vault maps discovered:
D:1:      mrwooster_arrival_arrow, layout_basic, minivault_19
D:2:      layout_basic, serial_shops, nicolae_shop_back_alley_shop,
          chequers_ecumenical_altar_island, lightli_corner_chamber
D:3:      layout_rooms
D:4:      layout_cave_pools, nicolae_uskayaw_dance_hall,
          mainiacjoe_overflow_boulevard, nicolae_hepliaklqana_monster_ancestors,
          uniq_natasha

Skill      XL: |  1  2  3  4  5 |
---------------+----------------+-----
Earth Magic    | 4 5 |  5.8
Spellcasting   | 3 4 |  4.3
Shields        | 2 3 |  3.5
Dodging        | |  1.7
Stealth        | |  2.4
Transmutations | |  1.1

Action                     |  1- 3 |  4- 6 || total
---------------------------+-------+-------++-------
  Melee: Unarmed           |     1 |       ||     1
         Short sword       |       |     2 ||     2
   Cast: Sandblast         |    50 |    52 ||   102
    Use: Potion            |       |     1 ||     1
 Armour: Robe              |     6 |     1 ||     7
         Leather armour    |       |    19 ||    19
  Dodge: Dodged            |     8 |    15 ||    23
  Block: Buckler           |       |    11 ||    11

Table legend: (Time is in decaauts)
 A = Elapsed time spent in this place.
 B = Non-inter-level travel time spent in this place.
 C = Inter-level travel time spent in this place.
 D = Time resting spent in this place.
 E = Time spent auto-exploring this place.
 F = Levels seen in this place.
 G = Mean time per level.
                   A        B        C        D        E       F      G
               +--------+--------+--------+--------+--------+-----+--------+
         Total |   2983 |   2812 |    171 |      0 |   2415 |   4 |  745.8 |
       Dungeon |   2983 |   2812 |    171 |      0 |   2415 |   4 |  745.8 |
               +--------+--------+--------+--------+--------+-----+--------+

Top non-repeatable levels by time:
     D:2: 968 daAuts
     D:1: 860 daAuts
     D:3: 632 daAuts
     D:4: 522 daAuts
